 Dungeon Crawl Stone Soup version 0.29.1-1-gd02db6906a (webtiles) character file.

Game seed: 1730772449337568293

648 porpoise the Trooper (level 7, -5/59 HPs)
             Began as a Formicid Abyssal Knight on Oct 23, 2022.
             Was a Priest of Lugonu.
             Slain by an ogre
             ... wielding a +0 giant club
              (13 damage)
             ... on level 5 of the Dungeon.
             The game lasted 00:18:22 (4315 turns).

porpoise the Trooper (Formicid Abyssal Knight)      Turns: 4315, Time: 00:18:23

Health: -5/59      AC: 11    Str: 20    XL:     7   Next: 83%
Magic:  9/9        EV: 10    Int:  9    God:    Lugonu [***...]
Gold:   27         SH:  0    Dex: 14    Spells: 6/6 levels left

rFire   + . .      SeeInvis +   w - +0 whip (drain)
rCold   . . .      Faith    .   (no shield)
rNeg    . . .      Spirit   .   h - +2 ring mail {rPois}
rPois   +          Reflect  .   (helmet unavailable)
rElec   .          Harm     .   (no cloak)
rCorr   .          Rampage  .   d - +0 pair of gloves
Will    +....                   e - +2 pair of boots {Stlth+}
Stlth   +++.......              (no amulet)
HPRegen 0.19/turn               i - ring of willpower
MPRegen 0.11/turn               c - ring of Rurch {rF+ Slay+5 Stlth+}

@: no status effects
A: permanent stasis, dig shafts and tunnels, antennae 3, four strong arms
a: Dig, Shaft Self, Renounce Religion, Depart the Abyss, Bend Space, Banish


You were on level 5 of the Dungeon.
You worshipped Lugonu.
Lugonu was most pleased with you.
You visited 1 branch of the dungeon, and saw 6 of its levels.
You visited the Abyss 1 time.

You collected 324 gold pieces.
You spent 297 gold pieces at shops.

Inventory:

Hand Weapons
 a - a +1 hand axe
 b - the +1 sling "Dragonslayer" {vorpal, Will+ Dex+2}
   (You bought it in a shop on level 3 of the Dungeon)

   Any ammunition fired from it inflicts extra damage upon your enemies.
   Dex:       It affects your dexterity (+2).
   Will:      It increases your willpower.
 r - a +0 war axe
 w - a +0 whip of draining (weapon)
 E - the +2 mace of the Endless March {vorpal, rC+ Will+}
   (You bought it in a shop on level 3 of the Dungeon)

   It inflicts extra damage upon your enemies.
   rC:        It protects you from cold.
   Will:      It increases your willpower.
Missiles
 u - 8 poisoned darts (quivered)
Armour
 d - a +0 pair of gloves (worn)
 e - a +2 pair of boots of stealth (worn)
 h - a +2 ring mail of poison resistance (worn)
 n - the +3 leather armour "Okoog" {rC- Str+6 Int+4}
   (You found it on level 2 of the Dungeon)

   Str:       It affects your strength (+6).
   Int:       It affects your intelligence (+4).
   rC:        It makes you vulnerable to cold.
Magical Staves
 B - a staff of cold
Jewellery
 c - the ring of Rurch (right hand) {rF+ Slay+5 Stlth+}
   (You found it on level 2 of the Dungeon)

   [ring of protection from fire]

   Slay:      It affects your accuracy & damage with ranged weapons and melee
   (+5).
   rF:        It protects you from fire.
   Stlth:     It makes you more stealthy.
 i - a ring of willpower (left hand)
 j - an amulet of guardian spirit
 l - a ring of ice
 o - a +6 ring of intelligence
 A - an amulet of magic regeneration
Scrolls
 q - 2 scrolls of teleportation
 s - a scroll of immolation {unknown}
 t - a scroll of amnesia
 x - a scroll of fear
 y - a scroll of enchant weapon {unknown}
 z - a scroll of blinking {unknown}
 C - a scroll of butterflies {unknown}
Potions
 f - 2 potions of heal wounds
 g - a potion of curing
 k - a potion of flight
 m - a potion of magic
 v - a potion of attraction {unknown}
 D - a potion of brilliance {unknown}


   Skills:
 + Level 6.6 Fighting
 + Level 5.6 Axes
 - Level 2.1 Armour
 - Level 0.8 Dodging
 + Level 3.7 Invocations


You had 6 spell levels left.
You didn't know any spells.
Your spell library contained the following spells:

 Spells                   Type           Power      Damage    Failure   Level
 Foxfire                  Conj/Fire      0%         2x1d4     56%         1
 Shock                    Conj/Air       0%         1d3       56%         1
 Static Discharge         Conj/Air       0%         3-3/arc   71%         2
 Call Canine Familiar     Summ           0%         N/A       90%         3
 Conjure Flame            Conj/Fire      0%         6-21      90%         3
 Inner Flame              Hex/Fire       0%         N/A       90%         3
 Portal Projectile        Hex/Tloc       0%         N/A       90%         3
 Summon Guardian Golem    Hex/Summ       0%         N/A       90%         3
 Airstrike                Air            0%         2d(0-16)  100%        4
 Anguish                  Hex/Necr       0%         N/A       100%        4
 Dispel Undead            Necr           0%         3d6       100%        4
 Flame Wave               Conj/Fire      0%         2d4       100%        4
 Leda's Liquefaction      Hex/Erth       0%         N/A       100%        4
 Sticky Flame             Conj/Fire      0%         2d3       100%        4
 Borgnjor's Revivificati  Necr           0%         N/A       100%        8
 Swiftness                Air            Unusable   N/A       N/A         3

Dungeon Overview and Level Annotations

Branches:
Dungeon (6/15)
 Temple: D:4-7

Altars:
Ashenzari
Cheibriados
Hepliaklqana
Nemelex Xobeh
Okawaru
Vehumet
The Shining One

Shops:
D:1 *=   D:3 ([!


Innate Abilities, Weirdness & Mutations

You cannot be hasted, slowed, berserked, paralysed or teleported.
You can dig through walls and to a lower floor.
You have a pair of large antennae on your head. (SInv)
Your four strong arms can wield two-handed weapons with a shield.


Message History

Unknown command.
Throw: 11 darts (poison)
Press: ? - help, Q - select action, (/) - cycle Shift-Dir - straight line, f/p - ogre
Aim: an ogre, wielding a +0 giant club (79% to hit)
You throw a poisoned dart.
The poisoned dart barely misses the ogre.
Unknown command.
Throw: 10 darts (poison)
Press: ? - help, Q - select action, (/) - cycle Shift-Dir - straight line, f/p - ogre
Aim: an ogre, wielding a +0 giant club (79% to hit)
You throw a poisoned dart. The poisoned dart hits the ogre.
The ogre is poisoned.
The white imp gestures at you. The puff of frost hits you.
Unknown command.
Throw: 9 darts (poison)
Press: ? - help, Q - select action, (/) - cycle Shift-Dir - straight line, f/p - ogre
Aim: an ogre, wielding a +0 giant club (lightly wounded, poisoned, 79% to hit)
You throw a poisoned dart.
The poisoned dart barely misses the ogre.
The white imp gestures at you. The puff of frost hits you.
Unknown command.
The ogre hits you with a +0 giant club!
You hit the ogre. You drain the ogre.
The ogre is moderately wounded.
A hornet comes into view.
The ogre hits you with a +0 giant club!
The hornet moves out of view.
You hit the ogre.
The ogre is heavily wounded.
The hornet buzzes angrily.
You hit the ogre.
The ogre is heavily wounded.
The ogre hits you with a +0 giant club!!
* * * LOW HITPOINT WARNING * * *
You hit the ogre. You drain the ogre.
The ogre is severely wounded.
The ogre looks more healthy.
The white imp barely misses you. The ogre hits you with a +0 giant club!
You die...

....#
..#.###.
..####....
........
...(..(.{
........
......y
........
.....#
.#######
#..(.#
.......
#....#
.#####+
#.O5.#
.....
#.@..#
...##
#....#
...#
#....#
#..#
#....#
#..#
#...#....#
#..#
#...#....#
# #
#...#..).#
#...#....#
#...#....#


You could see a hornet, an ogre (very drained) and a white imp.

Vanquished Creatures
  An ice beast (D:5)
  A phantom (D:4)
  2 jellies
  2 orc priests
  5 iguanas
  4 orc wizards
  2 adders
  An ufetubus (D:4)
  3 worms
  A dart slug (D:2)
  12 orcs
  9 ball pythons
  6 endoplasms
  6 giant cockroaches
  5 goblins
  5 hobgoblins
  8 jackals
  8 kobolds
  4 quokkas
  2 bats (D:1)
  6 frilled lizards
  5 rats
98 creatures vanquished.

Notes
Turn   | Place    | Note
-------+----------+-------------------------------------------
     0 | Abyss:1  | porpoise the Formicid Abyssal Knight began the quest for
                  | the Orb.
     0 | Abyss:1  | Reached XP level 1. HP: 18/18 MP: 2/2
     1 | D:1      | Escaped the Abyss
    22 | D:1      | Found Lex Naum's General Store.
   321 | D:1      | Reached XP level 2. HP: 17/24 MP: 3/3
   779 | D:1      | Reached XP level 3. HP: 30/30 MP: 4/4
   847 | D:1      | Bought a potion of heal wounds for 50 gold pieces
   847 | D:1      | Bought a +0 sling for 15 gold pieces
   875 | D:1      | Found a faded altar of an unknown god.
   904 | D:1      | Found Kodyof's Jewellery Emporium.
  1010 | D:1      | Reached skill level 4 in Fighting
  1259 | D:2      | Identified the ring of Rurch {rF+ Slay+5 Stlth+}
  1443 | D:2      | Identified the +3 leather armour "Okoog" {rC- Str+6 Int+4}
  1444 | D:2      | Found a sparkling altar of Nemelex Xobeh.
  1467 | D:2      | Reached XP level 4. HP: 37/37 MP: 5/5
  2006 | D:3      | Found Qoosmaam's Antique Weapon Boutique.
  2077 | D:3      | Reached XP level 5. HP: 40/43 MP: 6/6
  2144 | D:3      | Reached *** piety under Lugonu
  2225 | D:3      | You fall into a shaft and drop 3 floors!
  2229 | D:6      | Noticed a water moccasin
  2273 | D:6      | Reached skill level 5 in Fighting
  2385 | D:6      | Reached XP level 6. HP: 50/51 MP: 7/7
  2442 | D:5      | Entered Level 5 of the Dungeon
  2532 | D:3      | Found Veenaf's Distillery.
  2575 | D:3      | Found Poqyh's Antique Armour Shop.
  2600 | D:3      | Found a glowing golden altar of the Shining One.
  3208 | D:3      | Bought a twisted sling for 104 gold pieces
  3208 | D:3      | Identified the +1 sling "Dragonslayer" {vorpal, Will+
                  | Dex+2} (You bought it in a shop on level 3 of the Dungeon)
  3476 | D:4      | Got Raluv's Papyrus of the Amassed Dead
  3546 | D:4      | Found a snail-covered altar of Cheibriados.
  3546 | D:4      | Found a hazy altar of Hepliaklqana.
  3552 | D:4      | Found a faded altar of an unknown god.
  3558 | D:4      | Reached skill level 6 in Fighting
  3562 | D:4      | Found a radiant altar of Vehumet.
  3564 | D:4      | Found an iron altar of Okawaru.
  3692 | D:4      | Reached skill level 5 in Axes
  3692 | D:4      | Reached XP level 7. HP: 50/58 MP: 8/8
  3796 | D:5      | Found a sparkling altar of Nemelex Xobeh.
  3800 | D:5      | Found a broken altar of Ashenzari.
  3971 | D:3      | Bought a shimmering mace for 128 gold pieces
  3971 | D:3      | Identified the +2 mace of the Endless March {vorpal, rC+
                  | Will+} (You bought it in a shop on level 3 of the Dungeon)
  4312 | D:5      | Noticed a hornet
  4315 | D:5      | Slain by an ogre

Illustrated notes

Levels and vault maps discovered:
D:1:      wander_arrival_estate, layout_rooms,
          dilly_ecumenical_altar_fadedgnrine, serial_shops, shop, shop,
          minmay_pentomino_p4
D:2:      layout_basic, basic_altar, minmay_cupped
D:3:      layout_loops_cross, mainiacjoe_overflow_alcove_2,
          portal_sewer_entry_c, serial_shops, nicolae_diamond_shop, shop,
          nicolae_shop_statue_plus
D:4:      layout_rooms, chequers_temple_overflow_minitemple
D:5:      layout_basic, chequers_temple_overflow_statue_of_worship, temple_hall
D:6:      layout_loops_ring, grunt_dithmenos_smoke_and_mirrors,
          dreamdust_princess_corridor, minmay_misc_feat_x,
          roderic_serpentine_path

Skill      XL: |  1  2  3  4  5  6  7 |
---------------+----------------------+-----
Fighting       | 4 5 6 |  6.6
Axes           | 3 4 5 |  5.6
Invocations    | 3 |  3.7
Armour         | |  2.1
Dodging        | |  0.8

Action                   |  1- 3 |  4- 6 |  7- 9 || total
-------------------------+-------+-------+-------++-------
Melee: Hand axe          |    95 |    33 |       ||   128
       Whip              |       |    96 |    35 ||   131
       Punch             |       |     2 |       ||     2
 Fire: Sling             |       |     5 |       ||     5
Throw: Dart              |       |       |     4 ||     4
  Use: Scroll            |       |     4 |     3 ||     7
 Stab: Sleeping          |     2 |     9 |     2 ||    13
       Distracted        |       |     1 |       ||     1
Armor: Leather armour    |    16 |       |       ||    16
       Ring mail         |    12 |    39 |     6 ||    57
Dodge: Dodged            |    52 |    52 |     9 ||   113
